 Dungeon Crawl Stone Soup version 0.18.1-50-g88ac8fd (webtiles) character file.

45968 magog001 the Peltast (level 14, -13/124 HPs)
             Began as a Minotaur Fighter on Dec 13, 2016.
             Mangled by an acid blob (27 damage)
             ... on level 1 of the Pits of Slime on Dec 14, 2016.
             The game lasted 02:27:28 (20050 turns).

magog001 the Peltast (Minotaur Fighter)            Turns: 20050, Time: 02:27:29

Health: -13/124    AC:  5    Str: 35    XL:     14   Next: 3%
Magic:  10/14      EV: 19    Int:  5    God:
Gold:   998        SH: 27    Dex: 18    Spells: 0 memorised, 13 levels left

rFire  . . .     SeeInvis .     Q - +1 whip "Goblinslayer" {freeze, Str+4 Dex+8}
rCold  + . .     Gourm    .     H - +1 ring mail {MR+}
rNeg   . . .     Faith    .     q - +1 large shield
rPois  .         Spirit   .     (helmet unavailable)
rElec  .         Dismiss  .     P - +0 cloak
rCorr  .         Reflect  +     (no gloves)
SustAt .         Harm     .     u - +2 pair of boots
MR     +++..                    D - +2 amulet of reflection
Stlth  +.........               I - ring of protection from cold
                                A - +2 ring of strength

@: mighty, corroded, extremely resistant to hostile enchantments, very
unstealthy
A: retaliatory headbutt, horns 3, magic resistance 1, weak 1, subdued magic 1
a: no special abilities


You were on level 1 of the Pits of Slime.
You were not hungry.

You visited 3 branches of the dungeon, and saw 18 of its levels.

You collected 998 gold pieces.

Inventory:

Hand Weapons
 l - the +5 blowgun "Dragon's Funeral" {speed, +Fly MR+}
   (You found it on level 4 of the Lair of Beasts)

   Attacks with this weapon are significantly faster.
   It affects your resistance to hostile enchantments.
   It lets you fly.
 Q - the +1 whip "Goblinslayer" (weapon) {freeze, Str+4 Dex+8}
   (You found it on level 9 of the Dungeon)

   It has been specially enchanted to freeze those struck by it, causing extra
   injury to most foes and up to half again as much damage against particularly
   susceptible opponents.
   It can also slow down cold-blooded creatures.
   It affects your strength (+4).
   It affects your dexterity (+8).
Missiles
 j - 3 silver javelins
 k - 94 poisoned needles
 B - 4 tomahawks (quivered)
 E - 3 curare-tipped needles
 J - 8 needles of confusion
 Z - 2 needles of sleeping
Armour
 q - a +1 large shield (worn)
 u - a +2 pair of boots (worn)
 H - a +1 ring mail of magic resistance (worn)
 P - a +0 cloak (worn)
Jewellery
 A - a +2 ring of strength (left hand)
 D - a +2 amulet of reflection (around neck)
 I - a ring of protection from cold (right hand)
Wands
 x - a wand of lightning (0/15)
 C - a wand of iceblast (0/15)
 F - a wand of polymorph (9/24)
 L - a wand of random effects (25/48)
 M - a wand of random effects (11/48)
 O - a wand of slowing (15/48)
 T - a wand of paralysis (8/24)
 U - a wand of slowing (25/48)
 Y - a wand of random effects (15/48)
Scrolls
 b - 2 scrolls of remove curse
 e - 2 scrolls of identify
 t - 2 scrolls of teleportation
 y - 2 scrolls of enchant weapon
 G - 3 scrolls of immolation
 W - 3 scrolls of fog
Potions
 a - 4 potions of resistance
 g - 4 potions of brilliance
 h - 2 potions of haste
 i - 2 potions of lignification
 n - a potion of berserk rage
 o - 3 potions of agility
 r - a potion of magic
 s - a potion of beneficial mutation {unknown}
 z - 2 potions of flight
 S - 3 potions of curing
Miscellaneous
 v - a crystal ball of energy
 R - a legendary deck of destruction {Venom}
 X - a phial of floods
Comestibles
 f - 6 bread rations
 m - 4 slices of pizza
 p - 14 fruits
 K - a meat ration


   Skills:
 + Level 11.1 Fighting
   Level 6.2(8.2) Axes
 + Level 8.2(9.2) Maces & Flails
 * Level 6.3 Throwing
 + Level 10.3 Armour
 + Level 12.5 Dodging
 + Level 2.1 Stealth
 + Level 16.6 Shields
 + Level 2.0 Evocations


You had 13 spell levels left.
You didn't know any spells.

Dungeon Overview and Level Annotations

Branches:
Dungeon (9/15)             Temple (0/1) D:5            Lair (7/8) D:9
  Swamp (0/4) Lair:3       Spider (0/4) Lair:6        Slime (2/6) Lair:7
    Orc: D:9-12

Altars:
Dithmenos
Elyvilon
Gozag
Makhleb
Ru
Trog
Xom
Yredelemnul
Zin
The Shining One


Innate Abilities, Weirdness & Mutations

You reflexively headbutt those who attack you in melee.
You have a pair of large horns on your head.
You are resistant to hostile enchantments.
You are weak. (Str -2)
Your spells are a little easier to cast, but a little less powerful.


Message History

The acid blob is severely wounded.
You block the acid blob's attack.
Drink which item? (? for menu, Esc to quit)
You feel better. The acid blob spits acid at you. The splash of acid hits you!
* * * LOW HITPOINT WARNING * * *
The acid burns!
* * * LOW HITPOINT WARNING * * *
You hit the acid blob. You freeze the acid blob.
Your hands burn!
* * * LOW HITPOINT WARNING * * *
Your headbutt misses the acid blob.
The acid blob is severely wounded.
The acid blob hits you.
* * * LOW HITPOINT WARNING * * *
You are splashed with acid!
The acid burns!
* * * LOW HITPOINT WARNING * * *
Drink which item? (? for menu, Esc to quit)
You feel better. The acid blob hits you!!
You die...

. #..#............<.##
#....#.....#.........#
#....##............#.##
##.#####..........####
## ##.........##
#.........##
##.#.......# ##
##....>J..## ##.##
#.....@...## # #...#
##.#.......#.##
#..######..........#
#....#.#........#.#
##...............##
###............##
#............#
#.............#
##.#.#....#....#


You could see an acid blob.

Vanquished Creatures
  Gastronok (D:8)
  Kirke (Lair:7)
  Snorg (Lair:4)
  The ghost of magog001 the Blocker, a journeyman MiFi (Lair:3)
  Fannar (Lair:2)
  5 hydras
  2 catoblepae
  3 death yaks (Lair:7)
  A necromancer (Lair:6)
  2 shining eyes (Slime:1)
  A salamander (Lair:2)
  27 elephants
  A torpor snail (Lair:6)
  2 black mambas
  10 spiny frogs
  6 komodo dragons
  A rime drake (Lair:5)
  Grinder (D:6)
  Prince Ribbit (D:8)
  19 slime creatures
  3 blink frogs (Lair:3)
  2 redbacks (Lair:6)
  25 yaks
  A hog (Lair:7)
  4 hippogriffs
  A hungry ghost (D:7)
  7 swamp worms (Lair:4)
  10 water moccasins
  9 porcupines
  An orc warrior (D:9)
  4 black bears
  An eye of draining (Slime:2)
  8 wolves
  3 ogres
  2 centaurs
  13 crocodiles
  3 big kobolds
  14 giant frogs
  A scorpion (D:5)
  2 howler monkeys
  9 wights
  An electric eel (D:9)
  3 giant frog zombies (D:6)
  3 crimson imps
  A centaur zombie (D:6)
  2 orc priests
  6 orc wizards
  9 jellies
  A centaur skeleton (D:4)
  2 hounds (D:8)
  2 giant frog skeletons (D:6)
  9 iguanas
  2 polar bear simulacra (Lair:6)
  7 worker ants
  4 yak simulacra (Lair:6)
  A killer bee zombie (D:9)
  5 sheep (Lair:1)
  4 wolf simulacra (Lair:6)
  3 hound skeletons
  A worker ant zombie (D:6)
  5 gnolls
  8 adders
  39 river rats
  A shadow imp (D:6)
  3 oozes
  3 adder skeletons
  3 adder zombies
  12 worms
  2 dart slugs (D:1)
  9 giant geckos
  26 orcs
  9 giant cockroaches
  8 hobgoblins
  12 jackals
  6 quokkas
  2 ball pythons
  11 bats
  A giant gecko skeleton (D:4)
  A giant gecko zombie (D:6)
  5 giant newts
  10 goblins
  15 kobolds
  2 quokka skeletons (D:6)
  10 rats
  A river rat simulacrum (Lair:6)
  A fungus (Lair:7)
  7 plants
488 creatures vanquished.

Vanquished Creatures (others)
  A yak (Lair:7)
  2 humans (Lair:7)
  A kobold (D:8)
  A bush (Lair:4)
  9 fungi
  2 plants
16 creatures vanquished.

Grand Total: 504 creatures vanquished

Notes
Turn   | Place    | Note
--------------------------------------------------------------
     0 | D:1      | magog001 the Minotaur Fighter began the quest for the Orb.
     0 | D:1      | Reached XP level 1. HP: 19/19 MP: 0/0
   217 | D:1      | Reached XP level 2. HP: 26/27 MP: 1/1
   545 | D:1      | Reached skill level 4 in Shields
   983 | D:2      | Reached XP level 3. HP: 34/34 MP: 2/2
  1006 | D:2      | Found a sacrificial altar of Ru.
  1418 | D:2      | Reached XP level 4. HP: 35/41 MP: 3/3
  1568 | D:2      | Found a burning altar of Makhleb.
  2065 | D:3      | Reached skill level 1 in Dodging
  2346 | D:3      | Noticed a giant frog
  2353 | D:3      | Killed a giant frog
  2353 | D:3      | Reached skill level 5 in Shields
  2353 | D:3      | Reached XP level 5. HP: 35/47 MP: 4/4
  2520 | D:3      | Found a glowing silver altar of Zin.
  2614 | D:4      | Noticed an ogre
  2623 | D:4      | Killed an ogre
  2623 | D:4      | Reached skill level 5 in Fighting
  2623 | D:4      | Reached XP level 6. HP: 56/56 MP: 5/5
  2932 | D:4      | Found a bloodstained altar of Trog.
  3264 | D:5      | Entered Level 5 of the Dungeon
  3272 | D:5      | Reached skill level 5 in Armour
  3552 | D:5      | Found a staircase to the Ecumenical Temple.
  3560 | D:5      | Reached XP level 7. HP: 61/61 MP: 6/6
  3990 | D:5      | Reached skill level 5 in Axes
  3990 | D:5      | Reached skill level 6 in Shields
  4547 | D:6      | Found a shadowy altar of Dithmenos.
  4549 | D:6      | Noticed Grinder
  4567 | D:6      | Paralysed by Grinder for 6 turns
  4595 | D:6      | Killed Grinder
  4595 | D:6      | Reached XP level 8. HP: 67/70 MP: 7/7
  4675 | D:6      | Reached skill level 7 in Shields
  4768 | D:6      | Found a bloodstained altar of Trog.
  5098 | D:6      | Reached skill level 1 in Maces & Flails
  5127 | D:6      | Reached skill level 8 in Shields
  5400 | D:7      | Reached skill level 5 in Dodging
  5455 | D:7      | Reached XP level 9. HP: 78/78 MP: 8/8
  5647 | D:7      | Found a white marble altar of Elyvilon.
  5716 | D:7      | Found a basalt altar of Yredelemnul.
  6040 | D:7      | Reached skill level 9 in Shields
  6386 | D:8      | Noticed Prince Ribbit
  6447 | D:8      | Found a shimmering altar of Xom.
  6852 | D:8      | Killed Prince Ribbit
  6870 | D:8      | Noticed Gastronok
  6893 | D:8      | Killed Gastronok
  6893 | D:8      | Reached skill level 10 in Shields
  6893 | D:8      | Reached XP level 10. HP: 41/88 MP: 9/9
  7673 | D:9      | Found an opulent altar of Gozag.
  7808 | D:9      | Got a faintly glowing whip
  8195 | D:9      | Identified the cursed +1 whip "Goblinslayer" {freeze, Str+4 Dex+8} (You found it on level 9 of the Dungeon)
  8361 | D:9      | Found a staircase to the Lair.
  8462 | D:9      | Paralysed by an orc wizard for 6 turns
  8480 | D:9      | Reached skill level 5 in Maces & Flails
  8563 | D:9      | Reached skill level 11 in Shields
  8676 | Lair:1   | Entered Level 1 of the Lair of Beasts
  8708 | Lair:1   | Noticed an eight-headed hydra
  8723 | Lair:1   | Killed an eight-headed hydra
  8723 | Lair:1   | Reached skill level 1 in Stealth
  8762 | Lair:1   | Noticed a spiny frog
  8978 | Lair:1   | Killed a spiny frog
  8994 | Lair:1   | Gained mutation: Scrolls take you a little longer to read. [potion of mutation]
  8994 | Lair:1   | Gained mutation: You have a pair of large horns on your head. [potion of mutation]
  8994 | Lair:1   | Lost mutation: Scrolls take you a little longer to read. [potion of mutation]
  9005 | Lair:1   | Noticed a six-headed hydra
  9028 | Lair:1   | Killed a six-headed hydra
  9028 | Lair:1   | Reached skill level 1 in Evocations
  9502 | Lair:2   | Noticed an elephant
  9547 | Lair:1   | Killed an elephant
  9547 | Lair:1   | Reached skill level 12 in Shields
  9547 | Lair:1   | Reached XP level 11. HP: 67/97 MP: 10/10
  9892 | Lair:2   | Noticed Fannar
  9925 | Lair:2   | Killed Fannar
 10375 | Lair:2   | Identified a -3 rod of ignition (9/9) (You found it on level 1 of the Lair of Beasts)
 10716 | Lair:1   | Reached skill level 13 in Shields
 11055 | Lair:2   | Noticed Harold
 11064 | Lair:2   | Noticed Harold
 11064 | Lair:2   | Harold changed into Harold the salamander
 11072 | Lair:2   | Killed Harold the salamander
 11404 | Lair:2   | Reached XP level 12. HP: 106/106 MP: 12/12
 11461 | Lair:2   | Reached skill level 1 in Throwing
 11507 | Lair:2   | Reached skill level 10 in Dodging
 11594 | Lair:2   | Reached skill level 10 in Fighting
 11594 | Lair:2   | Reached skill level 14 in Shields
 11912 | Lair:3   | Noticed magog001's ghost (journeyman MiFi)
 11965 | Lair:3   | Killed magog001's ghost
 12238 | Lair:3   | Noticed a seven-headed hydra
 12252 | Lair:3   | Killed a seven-headed hydra
 12273 | Lair:3   | Found a staircase to the Swamp.
 12484 | Lair:4   | Got a crystal blowgun
 12485 | Lair:4   | Noticed Snorg
 12504 | Lair:4   | Killed Snorg
 12520 | Lair:4   | Identified the +5 blowgun "Dragon's Funeral" {speed, +Fly MR+} (You found it on level 4 of the Lair of Beasts)
 12559 | Lair:4   | Noticed a six-headed hydra
 12594 | Lair:4   | Killed a six-headed hydra
 12831 | Lair:4   | Found a glowing golden altar of the Shining One.
 12915 | Lair:4   | Noticed an eight-headed hydra
 12928 | Lair:4   | Reached skill level 15 in Shields
 12932 | Lair:4   | Killed an eight-headed hydra
 13815 | Lair:4   | Reached skill level 10 in Armour
 15339 | Lair:6   | Reached XP level 13. HP: 104/114 MP: 13/13
 15828 | Lair:6   | Found a hole to the Spider Nest.
 16728 | Lair:6   | Reached skill level 5 in Throwing
 17382 | Lair:7   | Found a staircase to the Slime Pits.
 17396 | Lair:7   | Noticed Kirke
 17457 | Lair:7   | Killed Kirke
 17457 | Lair:7   | Reached skill level 16 in Shields
 18927 | Slime:1  | Entered Level 1 of the Pits of Slime
 19088 | Slime:1  | Gained mutation: You are resistant to hostile enchantments. [a shining eye]
 19090 | Slime:1  | Gained mutation: Your spells are a little easier to cast, but a little less powerful. [a shining eye]
 19093 | Slime:1  | Gained mutation: You are weak. (Str -2) [a shining eye]
 19391 | Slime:1  | Reached XP level 14. HP: 57/124 MP: 14/14
 19652 | Slime:2  | Noticed an acid blob
 20037 | Slime:2  | Noticed an acid blob
 20050 | Slime:1  | Mangled by an acid blob

Skill      XL: |  1  2  3  4  5  6  7  8  9 10 11 12 13 |
---------------+----------------------------------------+-----
Fighting       | 4 5 6 8 9 10 11 | 11.1
Shields        | 4 5 6 8 10 12 13 15 16 | 16.6
Armour         | 4 5 6 7 8 9 10 | 10.3
Axes           | 3 4 5 6 |  6.2
Dodging        | 1 2 3 4 5 6 8 9 11 12 | 12.5
Maces & Flails | 2 4 5 6 7 8 |  8.2
Stealth        | 1 2 |  2.1
Evocations     | 1 2 |  2.0
Throwing       | 2 6 |  6.3

Action                   |  1- 3 |  4- 6 |  7- 9 | 10-12 | 13-15 || total
-------------------------+-------+-------+-------+-------+-------++-------
Melee: War axe           |   112 |   131 |       |       |       ||   243
       Headbutt          |     9 |    27 |    65 |   342 |   214 ||   657
       Hand axe          |       |    35 |   117 |       |       ||   152
       Morningstar       |       |       |   213 |    60 |       ||   273
       Whip              |       |       |       |   771 |   504 ||  1275
 Fire: Blowgun           |       |       |    11 |    63 |    42 ||   116
Throw: Tomahawk          |       |       |     4 |     6 |    35 ||    45
       Throwing net      |       |       |       |       |     1 ||     1
Evoke: Wand              |       |       |       |    32 |     3 ||    35
       Phial of floods   |       |       |       |     1 |       ||     1
  Use: Scroll            |       |    10 |    11 |     7 |     3 ||    31
       Potion            |       |       |     5 |     7 |    13 ||    25
 Stab: Paralysed         |       |       |       |     5 |       ||     5
       Held in net/web   |       |       |       |       |     1 ||     1
  Eat: Chunk             |     2 |     5 |     4 |    19 |     3 ||    33
       Fruit             |       |     2 |     1 |       |       ||     3
       Meat ration       |       |       |     2 |     2 |     2 ||     6
       Royal jelly       |       |       |       |     1 |       ||     1
       Beef jerky        |       |       |       |     1 |     1 ||     2
Armor: Scale mail        |    64 |    56 |    83 |    89 |       ||   292
       Ring mail         |       |       |       |    56 |    40 ||    96
       Skin              |       |       |       |       |    14 ||    14
Dodge: Dodged            |    44 |    47 |    68 |   224 |   148 ||   531
Block: Shield            |    52 |    76 |       |       |       ||   128
       Large shield      |       |    24 |   338 |   917 |   499 ||  1778
       Reflection        |       |       |    16 |     3 |     3 ||    22
